Map: Ruby Rock LE

Players

HoldTheDoor - Winner!

  • Race: Protoss Protoss
  • League: Diamond
  • Spawn Location: 11:00

CVDH

  • Race: Zerg Zerg
  • League: Diamond
  • Spawn Location: 5:00

VOD

Have the link to the VOD?

Description

Time

  • Played on: May 9, 2026, 1:36 p.m.
  • Length: 7:34
Show
View Real Time Build Order
Export as new Build Order

HoldTheDoor Protoss - Winner!

Build Orders: 1 Gate Expand, Zealot Archon, Archon Drop, Dark Templar Rush 

Get SALT Encoding   

  12  0:00  Probe  
  13  0:12  Probe  
  14  0:23  Pylon  
  14  0:24  Probe  
  15  0:37  Probe  
  16  0:43  Gateway  
  16  0:45  Probe  
  17  0:52  Assimilator  
  17  0:56  Probe  
  18  1:08  Probe  
  19  1:27  Nexus  
  19  1:32  Cybernetics Core  
  19  1:35  Probe  
  20  1:41  Assimilator  
  20  1:47  Probe  
  20  1:50  Pylon  
  21  1:59  Probe  
  22  2:04  Stalker  
  22  2:11  Probe  
  23  2:22  Warp Gate  
  25  2:23  Probe  
  26  2:34  Adept  
  26  2:36  Probe  
  29  2:40  Gateway  
  29  2:41  Probe  
  30  2:48  Probe  
  30  2:49  Twilight Council  
  31  2:53  Probe  
  32  3:00  Probe  
  33  3:05  Probe  
  33  3:12  Probe  
  35  3:18  Probe  
  36  3:23  Robotics Facility  
  36  3:24  Probe  
  37  3:29  Pylon  
  37  3:34  Dark Shrine  
  37  3:35  Gateway  
  37  3:36  Gateway  
  37  3:40  Probe  
  38  3:42  Assimilator  
  38  3:44  Probe  
  37  3:59  Shield Battery  
  37  4:00  Pylon  
  35  4:05  Pylon  
  35  4:08  Pylon  
  35  4:11  Adept x2  
  35  4:16  Warp Prism  
  41  4:38  Cybernetics Core  
  41  4:49  Pylon  
  41  4:52  Pylon, Dark Templar  
  43  4:54  Dark Templar x2  
  47  5:07  Probe x2  
  49  5:17  Dark Templar  
  51  5:39  Charge  
  51  5:41  Dark Templar  
  53  5:43  Zealot x2  
  53  5:49  Forge  
  57  5:51  Gateway  
  57  5:53  Gateway  
  57  5:54  Gateway  
  57  5:58  Gateway  
  57  6:01  Gateway  
  57  6:04  Gateway  
  57  6:06  Gateway  
  57  6:12  Archon  
  57  6:21  Archon  
  57  6:23  Probe  
  58  6:28  Zealot  
  60  6:41  Dark Templar x3  
  60  6:45  Archon x2  
  67  6:54  Probe x2  
  67  6:56  Zealot x3  
  67  6:58  Zealot x3  
  80  7:18  Zealot x5  
Show
View Real Time Build Order
Export as new Build Order

CVDH Zerg 

Build Orders: Hatch First 

Get SALT Encoding   

  12  0:01  Drone  
  13  0:13  Overlord  
  13  0:18  Drone  
  14  0:31  Drone  
  14  0:32  Drone  
  16  0:48  Hatchery  
  15  0:51  Drone  
  15  0:55  Drone  
  17  0:59  Drone  
  18  1:09  Extractor  
  17  1:15  Spawning Pool  
  17  1:18  Drone  
  17  1:21  Drone  
  18  1:29  Drone  
  19  1:45  Drone  
  20  1:50  Drone  
  21  2:00  Drone  
  21  2:01  Drone  
  23  2:11  Zergling x2  
  23  2:12  Zergling x2  
  23  2:15  Queen  
  27  2:18  Metabolic Boost  
  27  2:35  Drone  
  27  2:36  Hatchery, Drone  
  28  2:46  Overlord  
  28  2:48  Overlord  
  28  2:54  Overlord  
  28  3:03  Queen  
  29  3:09  Zergling x10  
  33  3:20  Overlord  
  33  3:24  Drone x3  
  33  3:25  Drone  
  37  3:32  Drone  
  37  3:33  Drone  
  39  3:37  Evolution Chamber x2  
  37  3:42  Drone  
  37  3:43  Drone  
  39  3:49  Drone  
  39  3:55  Drone x2  
  41  4:04  Zergling x10  
  46  4:10  Drone  
  47  4:19  Drone x4  
  47  4:20  Drone  
  47  4:23  Drone x2  
  50  4:33  Drone x2  
  50  4:34  Drone  
  50  4:35  Queen  
  55  4:47  Drone x3  
  55  4:50  Zerg Melee Weapons Level 1  
  55  4:51  Zerg Ground Armor Level 1  
  55  4:52  Drone  
  59  4:56  Extractor  
  59  4:57  Extractor  
  59  4:59  Extractor  
  56  5:00  Drone x2  
  56  5:06  Drone x3  
  61  5:10  Drone x3  
  64  5:16  Zergling x2, Hatchery  
  64  5:18  Drone x2  
  66  5:27  Overlord x2  
  66  5:39  Spore Crawler  
  66  5:41  Spore Crawler, Lair  
  66  5:42  Zergling x6  
  66  5:45  Zergling x4  
  66  5:46  Zergling x4  
  70  5:50  Zergling x2  
  70  5:52  Zergling x2  
  70  5:53  Zergling x2  
  70  5:55  Zergling x4  
  74  6:00  Zergling x2  
  75  6:06  Zergling x2  
  75  6:07  Overlord x2  
  75  6:08  Spore Crawler, Overlord  
  75  6:12  Zergling x2  
  75  6:17  Overlord  
  76  6:22  Overlord  
  76  6:23  Overlord  
  77  6:25  Zergling x4  
  77  6:31  Zergling x2  
  79  6:34  Zergling x4  
  79  6:35  Zergling x4  
  79  6:39  Overseer  
  83  6:41  Zergling x2, Spore Crawler  
  83  6:45  Drone x2  
  86  6:47  Drone  
  86  6:49  Drone x2  
  86  6:51  Pneumatized Carapace  
  86  6:53  Drone x3  
  91  6:58  Zergling x2  
  91  6:59  Hydralisk Den  
  91  7:00  Zergling x2  
  92  7:05  Zergling x4  
Tags
 
Add a new tag
Caveats
  • Supply blocks, unpowered buildings, or Contaminate may cause inaccurate times.
  • Supply counts are checked every 10 seconds.